 Dungeon Crawl Stone Soup version 0.18-a0-1024-gf1736fb (webtiles) character file.

27 Ijustatesigmund the Skirmisher (level 2, 0/24 HPs)
             Began as a Demonspawn Abyssal Knight on Jan 7, 2016.
             Was a Believer of Lugonu.
             Succumbed to an adder's poison
             ... on level 2 of the Dungeon.
             The game lasted 00:02:37 (1497 turns).

Ijustatesigmund the Skirmisher (DsAK)               Turns: 1497, Time: 00:02:37

Health: 0/24       AC:  3    Str: 12    XL:     2   Next: 93%
Magic:  13/13      EV: 11    Int: 13    God:    Lugonu [**....]
Gold:   36         SH:  0    Dex: 12    Spells: 0 memorised, 1 level left

rFire  . . .     SeeInvis .     a - +1 mace
rCold  . . .     Gourm    .     b - +0 leather armour
rNeg   . . .     Faith    .     (no shield)
rPois  .         Spirit   .     (no helmet)
rElec  .         Dismiss  .     (no cloak)
rCorr  .         Reflect  .     (no gloves)
SustAt .         Harm     .     (no boots)
MR     .....                    (no amulet)
Stlth  +.........               (no ring)
                                h - ring of magical power

@: lethally poisoned (0 -> -4), not resistant to hostile enchantments, very
unstealthy
A: powered by pain 1
a: Depart the Abyss, Bend Space, Renounce Religion


You were on level 2 of the Dungeon.
You worshipped Lugonu.
Lugonu was pleased with you.
You were not hungry.

You visited 1 branch of the dungeon, and saw 2 of its levels.
You visited the Abyss 1 time.

You collected 36 gold pieces.

Inventory:

Hand Weapons
 a - a +1 mace (weapon)
Armour
 b - a +0 leather armour (worn)
Jewellery
 h - a ring of magical power (left hand)
Scrolls
 d - a scroll of recharging {unknown}
 i - a scroll of identify {unknown}
Potions
 e - a potion of magic {unknown}
 f - 2 potions of curing {unknown}
Comestibles
 c - 2 bread rations


   Skills:
 + Level 3.3 Fighting
 * Level 2.5 Maces & Flails
 - Level 1.7 Armour
 - Level 0.8 Dodging
 + Level 2.8 Invocations


You had one spell level left.
You didn't know any spells.

Dungeon Overview and Level Annotations

Branches:
Dungeon (2/15)

Altars:
Yredelemnul

Annotations:
D:2 Sigmund


Innate Abilities, Weirdness & Mutations

You sometimes gain a little power by taking damage.


Message History

Sigmund the Dreaded comes into view.
He is wielding a scythe.
Sigmund shouts!
The adder bites you.
Found a bread ration and a fizzy coppery potion.
Found a basalt altar of Yredelemnul.
An adder comes into view.
Read which item? (? for menu, Esc to quit)
As you read the scroll of teleportation, it crumbles to dust.
You feel strangely unstable.
Sigmund hits you from afar with a scythe!
Ouch! That really hurt!
The adder bites you.
You are poisoned.
The adder poisons you!
You feel sick. Sigmund gestures at you while chanting. The magic dart hits you!
* * * LOW HITPOINT WARNING * * *
Your surroundings suddenly seem different.
You die...

#.#######.........##.##)# #.#
#......#......##.# #.#
##...#.#......##.# #.#
#..##.#....#.##.# #.#
#.....#......##.# #.#
##.#####...####.# #.# ##.##
#........# #.#
##...#####..###### #####.#
##...@.......### #.....#
##.......####.#.##
##.#...####.........###....##
..........+.........+.......#
##.#...####.........###....##
#.##.## ##.......##.......#
#.#### ##.....###.#.###.#
#.## ########...## #.#.###.##
#..# #.........## #.#......#


There were no monsters in sight!

Vanquished Creatures
  A worm (D:2)
  A giant gecko (D:1)
  A giant cockroach (D:1)
  3 goblins
  5 hobgoblins (D:1)
  3 kobolds (D:1)
  A ball python (D:1)
  3 bats (D:1)
  A giant newt (D:1)
  2 rats (D:1)
21 creatures vanquished.

Notes
Turn   | Place    | Note
--------------------------------------------------------------
     0 | Abyss:1  | Ijustatesigmund the Demonspawn Abyssal Knight began the quest for the Orb.
     0 | Abyss:1  | Reached XP level 1. HP: 18/18 MP: 2/2
    13 | D:1      | Escaped the Abyss
   519 | D:1      | Gained mutation: You sometimes gain a little power by taking damage. [demonic ancestry]
   519 | D:1      | Reached XP level 2. HP: 24/24 MP: 3/3
  1076 | D:1      | Reached ** piety under Lugonu
  1493 | D:2      | Found a basalt altar of Yredelemnul.
  1493 | D:2      | Noticed Sigmund
  1495 | D:2      | HP: 1/24 [Sigmund/magic dart (6)]
  1497 | D:2      | Succumbed to an adder's poison

Vault maps used:
D:1:      saegor_arrival_simple_f
D:2:      yredelemnul_altar_generic, uniq_sigmund, uniq_terence

Action                   || total
-------------------------++-------
Melee: Mace              ||    72
  Use: Scroll            ||     3
  Eat: Chunk             ||     2
